 Dungeon Crawl Stone Soup version 0.29.0-5-ge4962eb29e (webtiles) character file.

Game seed: 8515359359459824024

209 Arcadio the Firebug (level 5, -5/38 HPs)
             Began as a Draconian Fire Elementalist on Aug 29, 2022.
             Slain by a gnoll
             ... wielding a +0 whip
              (8 damage)
             ... on level 4 of the Dungeon.
             The game lasted 00:05:57 (3594 turns).

Arcadio the Firebug (Draconian Fire Elementalist)   Turns: 3594, Time: 00:05:58

Health: -5/38      AC:  5    Str: 11    XL:     5   Next: 55%
Magic:  0/9        EV: 12    Int: 17    God:
Gold:   105        SH:  0    Dex: 11    Spells: 4/10 levels left

rFire   + . .      SeeInvis .   l - +0 short sword (speed)
rCold   x . .      Faith    .   (no shield)
rNeg    . . .      Spirit   .   (body armour unavailable)
rPois   +          Reflect  .   (helmet restricted)
rElec   .          Harm     .   (no cloak)
rCorr   .          Rampage  .   (no gloves)
Will    .....                   (no boots)
Stlth   ++........              (no amulet)
HPRegen 0.12/turn               e - ring of fire
MPRegen 0.11/turn               m - ring of poison resistance

@: no status effects
A: AC +5, unfitting armour, cold-blooded
a: no special abilities


You were on level 4 of the Dungeon.
You visited 1 branch of the dungeon, and saw 4 of its levels.

You collected 138 gold pieces.
You spent 33 gold pieces at shops.

Inventory:

Hand Weapons
 b - a +0 club
 d - a +0 dagger
 l - a +0 short sword of speed (weapon)
Jewellery
 e - a ring of fire (left hand)
 m - a ring of poison resistance (right hand)
Scrolls
 c - a scroll of enchant armour {unknown}
 f - 3 scrolls of teleportation
 g - a scroll of brand weapon {unknown}
 i - a scroll of blinking {unknown}
 n - a scroll of enchant weapon {unknown}
Potions
 a - a potion of magic
 h - a potion of invisibility {unknown}
 j - a potion of degeneration {unknown}
 k - a potion of heal wounds {unknown}
 o - a potion of cancellation {unknown}


   Skills:
 + Level 2.9 Dodging
 - Level 2.7 Stealth
 + Level 3.1 Spellcasting
 - Level 2.2 Conjurations
 + Level 4.0 Fire Magic


You had 4 spell levels left.
You knew the following spells:

 Your Spells              Type           Power      Damage    Failure   Level
a - Foxfire               Conj/Fire      80%        2x1d8     4%          1
b - Scorch                Fire           48%        2d7       4%          2
c - Conjure Flame         Conj/Fire      20%        6-21      14%         3

Your spell library contained the following spells:

 Spells                   Type           Power      Damage    Failure   Level
 Freeze                   Ice            8%         1d3       17%         1
 Inner Flame              Hex/Fire       14%        N/A       22%         3
 Ensorcelled Hibernation  Hex/Ice        4%         N/A       26%         2
 Flame Wave               Conj/Fire      20%        2d7       43%         4
 Frozen Ramparts          Ice            4%         1d1       45%         3
 Spider Form              Tmut/Pois      2%         N/A       45%         3
 Hailstorm                Conj/Ice       6%         3d4       73%         4
 Anguish                  Hex/Necr       1%         N/A       86%         4


Dungeon Overview and Level Annotations

Branches:
Dungeon (4/15) Zot: 20411
 Temple: D:4-7

Altars:
Okawaru
Vehumet

Shops:
D:1 !   D:2 (**(*   D:3 [


Innate Abilities, Weirdness & Mutations

Your plain brown scales are hard. (AC +5)
You cannot fit into any form of body armour.
You are cold-blooded and may be slowed by cold attacks.


Message History

The gnoll is no longer more vulnerable to fire.
Casting: Scorch (safe; 4% risk of failure)
Confirm with . or Enter, or press ? or * to list all spells.
You don't have enough magic to cast this spell.
You hit the gnoll but do no damage.
The gnoll is severely wounded.
The gnoll closely misses you.
You hit the gnoll but do no damage.
The gnoll is severely wounded.
The gnoll closely misses you.
You barely miss the gnoll. Your punch misses the gnoll.
The gnoll is severely wounded.
You hit the gnoll but do no damage.
Your tail-slap misses the gnoll.
The gnoll is severely wounded.
The gnoll hits you with a +0 whip. The gnoll hits you but does no damage.
Your magical contamination has completely faded away.
The gnoll hits you with a +0 whip.
* * * LOW HITPOINT WARNING * * *
The gnoll attacks as you move away! The gnoll barely misses you.
The gnoll attacks as you move away! The gnoll hits you with a +0 whip.
* * * LOW HITPOINT WARNING * * *
Casting: Scorch (safe; 4% risk of failure)
Confirm with . or Enter, or press ? or * to list all spells.
You don't have enough magic to cast this spell.
Casting: Scorch (safe; 4% risk of failure)
Confirm with . or Enter, or press ? or * to list all spells.
You feel a surge of power!
Flames lash the gnoll.
You kill the gnoll!
The gnoll barely misses you.
You hit the gnoll.
The gnoll is severely wounded.
The gnoll misses you.
You hit the gnoll.
The gnoll is severely wounded.
The gnoll hits you with a +0 whip!
* * * LOW HITPOINT WARNING * * *
You barely miss the gnoll.
The gnoll is severely wounded.
The gnoll attacks as you move away! The gnoll hits you with a +0 whip!
You die...

######......... ##
############........
..
#......†.....)....#.
#.
#.##########......#
#..#.###
##.....##### #.....#
#).##.).#
###.#.####.#####)#
...#...##g# ..#
#######.##@# ....
#..#.# .... ##...#
....
.>..............
....
..#####.###.#... ...
... . .... .##
...... .. ....#.. ##


You could see a gnoll.

Vanquished Creatures
  A howler monkey (D:3)
  A hound (D:4)
  3 gnolls
  3 adders
  A worm (D:3)
  4 orcs (D:3)
  6 ball pythons
  5 endoplasms
  2 giant cockroaches
  10 goblins
  9 hobgoblins
  9 jackals
  3 quokkas
  5 bats
  7 kobolds
  3 rats
72 creatures vanquished.

Vanquished Creatures (collateral kills)
  2 foxfires (D:2)
2 creatures vanquished.

Vanquished Creatures (others)
  88 foxfires
  3 plants (D:3)
91 creatures vanquished.

Grand Total: 165 creatures vanquished

Notes
Turn   | Place    | Note
-------+----------+-------------------------------------------
     0 | D:1      | Arcadio the Draconian Fire Elementalist began the quest for
                  | the Orb.
     0 | D:1      | Reached XP level 1. HP: 14/14 MP: 3/3
   364 | D:1      | Reached XP level 2. HP: 12/20 MP: 5/5
   693 | D:1      | Found Coatyiss's Distillery.
  1221 | D:2      | Reached XP level 3. HP: 26/26 MP: 2/6
  1321 | D:2      | Found Loinni Zol's General Store.
  1359 | D:2      | Found Ycoacl Jeda's General Store.
  1379 | D:2      | Found Lotzaxup's Weapon Boutique.
  1478 | D:2      | Bought a scroll of teleportation for 33 gold pieces
  1514 | D:2      | Found Kuamp's Assorted Antiques.
  1574 | D:2      | Found Xiattegh's Weapon Shoppe.
  1702 | D:2      | Learned a level 2 spell: Scorch
  1706 | D:2      | Learned a level 3 spell: Conjure Flame
  2357 | D:3      | Reached XP level 4. HP: 33/33 MP: 4/7
  2438 | D:3      | Found a radiant altar of Vehumet.
  2800 | D:3      | Found a faded altar of an unknown god.
  2853 | D:3      | Reached XP level 5. HP: 17/38 MP: 1/9
  3090 | D:3      | Found an iron altar of Okawaru.
  3365 | D:3      | Found Hutotoug's Armour Shop.
  3567 | D:4      | Reached skill level 4 in Fire Magic
  3594 | D:4      | Slain by a gnoll

Illustrated notes

Levels and vault maps discovered:
D:1:      dreamdust_arrival_sigmund_warning, layout_loops_ring, serial_shops,
          shop, feat_on_display
D:2:      layout_loops_cross, serial_shops, shop, shop, nicolae_shop_trees,
          nicolae_shop_waterfront, nicolae_shop_bloodbath_and_beyond,
          chequers_big_river
D:3:      layout_loops_corners, okawaru_altar_gauntlet_db,
          nicolae_vehumet_radiance, serial_shops, shop,
          shapermc_ecumenical_altar_mp_ritualfount
D:4:      layout_rooms, mainiacjoe_overflow_small_starburst,
          trog_three_pillars_becter, ebering_ghost_sewer_f,
          ebering_dispersal_statue_hall

Skill      XL: |  1  2  3  4  5 |
---------------+----------------+-----
Stealth        | 2 |  2.7
Dodging        | 2 |  2.9
Conjurations   | 2 |  2.2
Spellcasting   | 3 |  3.1
Fire Magic     | 4 |  4.0

Action                   |  1- 3 |  4- 6 || total
-------------------------+-------+-------++-------
Melee: Club              |     7 |       ||     7
       Dagger            |    34 |    24 ||    58
       Tailslap          |     3 |     9 ||    12
       Punch             |     1 |       ||     1
       Short sword       |       |    53 ||    53
 Cast: Foxfire           |    46 |    12 ||    58
       Scorch            |     5 |    14 ||    19
 Stab: Sleeping          |     3 |       ||     3
Armor: Skin              |     9 |    12 ||    21
Dodge: Dodged            |    28 |    40 ||    68
